 Dungeon Crawl Stone Soup version 0.29.1-1-gd02db6906a (webtiles) character file.

Game seed: 16425039152070637949

938 CougarLife the Chopper (level 7, 0/56 HPs)
             Began as a Demonspawn Fighter on Sept 30, 2022.
             Was a Follower of Okawaru.
             Slain by a scorpion (2 damage)
             ... on level 5 of the Dungeon.
             The game lasted 00:04:51 (5023 turns).

CougarLife the Chopper (Demonspawn Fighter)         Turns: 5023, Time: 00:04:52

Health: 0/56       AC:  8    Str: 18    XL:     7   Next: 87%
Magic:  7/7        EV:  9    Int:  9    God:    Okawaru [*.....]
Gold:   230        SH:  5    Dex: 13    Spells: 6/6 levels left

rFire   . . .      SeeInvis .   a - +0 war axe
rCold   . . .      Faith    .   c - +0 buckler
rNeg    . . .      Spirit   .   b - +0 scale mail
rPois   .          Reflect  .   (no helmet)
rElec   .          Harm     .   (no cloak)
rCorr   .          Rampage  .   p - +0 pair of gloves
Will    .....                   (no boots)
Stlth   ..........              (no amulet)
HPRegen 0.18/turn               (no ring)
MPRegen 0.10/turn               (no ring)

@: no status effects
A: spiny 2, demonic touch 2
a: Renounce Religion, Heroism


You were on level 5 of the Dungeon.
You worshipped Okawaru.
Okawaru was aware of your devotion.
You visited 2 branches of the dungeon, and saw 6 of its levels.
You also visited: Sewer.

You collected 230 gold pieces.

Inventory:

Hand Weapons
 a - a +0 war axe (weapon)
Armour
 b - a +0 scale mail (worn)
 c - a +0 buckler (worn)
 p - a +0 pair of gloves (worn)
Jewellery
 k - a ring of positive energy
 w - a ring of wizardry
Wands
 y - a wand of paralysis (4)
Scrolls
 e - 6 scrolls of identify {unknown}
 f - a scroll of fear {unknown}
 g - 2 scrolls of magic mapping {unknown}
 i - 2 scrolls of blinking {unknown}
 j - 2 scrolls of amnesia {unknown}
 l - a scroll of summoning {unknown}
 n - a scroll of vulnerability {unknown}
 u - a scroll of torment {unknown}
Potions
 d - 2 potions of might
 h - 2 potions of degeneration {unknown}
 m - 6 potions of heal wounds {unknown}
 o - 4 potions of curing {unknown}
 q - 2 potions of mutation {unknown}
 r - 3 potions of haste {unknown}
 s - a potion of resistance {unknown}
 t - 2 potions of invisibility {unknown}
 v - a potion of lignification {unknown}
 x - a potion of cancellation {unknown}
 z - a potion of attraction {unknown}


   Skills:
 + Level 5.0 Fighting
 * Level 5.4 Axes
 + Level 4.6 Armour
 + Level 4.4 Shields


You had 6 spell levels left.
You didn't know any spells.
Your spell library contained the following spells:

 Spells                   Type           Power      Damage    Failure   Level
 Static Discharge         Conj/Air       0%         3-3/arc   94%         2
 Lightning Bolt           Conj/Air       0%         1d11      100%        5
 Maxwell's Capacitive Co  Air            0%         ∞         100%        8


Dungeon Overview and Level Annotations

Branches:
Dungeon (5/15)             Temple (1/1) D:4           Sewer (visited)

Altars:
Ashenzari
Cheibriados
Dithmenos
Fedhas
Gozag
Hepliaklqana
Kikubaaqudgha
Makhleb
Nemelex Xobeh
Okawaru
Qazlal
Ru
Sif Muna
Uskayaw
Vehumet
Wu Jian
Xom
Yredelemnul

Shops:
D:1 *   D:4 :


Innate Abilities, Weirdness & Mutations

You are mostly covered in sharp spines.
Your touch may inflict irresistible damage on your foes.


Message History

The black bear is struck by your spines.
The black bear bites you.
* * * LOW HITPOINT WARNING * * *
The black bear claws you but does no damage.
The black bear claws you.
* * * LOW HITPOINT WARNING * * *
The gnoll sergeant barely misses you.
You hit the gnoll sergeant.
The gnoll sergeant is lightly wounded.
You barely miss the black bear. You block the black bear's attack.
The black bear completely misses you. The black bear barely misses you.
The gnoll sergeant is struck by your spines.
The gnoll sergeant hits you with a +0 spear.
* * * LOW HITPOINT WARNING * * *
You hit the gnoll sergeant.
The gnoll sergeant is moderately wounded.
You barely miss the black bear.
The black bear bites you but does no damage.
The black bear claws you but does no damage.
The black bear closely misses you. The gnoll sergeant barely misses you.
You slash the gnoll sergeant!
The gnoll sergeant is almost dead.
You hit the black bear.
You kill the black bear!
Okawaru accepts your kill.
You hear a shout!
The gnoll sergeant is struck by your spines.
You kill the gnoll sergeant!
Okawaru accepts your kill.
You hear a shout!
Your Fighting skill increases to level 5!
You hit the scorpion but do no damage.
The scorpion stings you but does no damage.
You closely miss the scorpion. The scorpion is struck by your spines.
The scorpion misses you.
The scorpion stings you but does no damage.
You barely miss the scorpion.
The scorpion is heavily wounded.
The scorpion stings you.
You die...

# ### #.## ..# .h##.#
##s..# #.@..### #.#.....#
. #....##.####....
#......#.#..?....#
#.......#.#.#..####.#
#..##...#.#.#..###
..........#.#....#
..#.........#.##.#
............#....##+####..


You could see a scorpion and a hound.

Vanquished Creatures
  2 black bears (D:5)
  A phantom (D:5)
  A kobold brigand (Sewer)
  A gnoll sergeant (D:5)
  2 scorpions
  A gnoll bouda (D:5)
  A hound (D:2)
  3 gnolls (D:5)
  6 river rats (Sewer)
  13 adders
  A white imp (D:5)
  A worm (D:3)
  2 dart slugs
  3 orcs
  8 ball pythons
  8 endoplasms
  5 giant cockroaches
  9 goblins
  6 hobgoblins
  3 jackals (D:4)
  6 quokkas
  9 bats
  5 frilled lizards
  27 kobolds
  33 rats
157 creatures vanquished.

Vanquished Creatures (others)
  The ghost of xian the Gusty, a weakling DsAE (D:3)
1 creature vanquished.

Grand Total: 158 creatures vanquished

Notes
Turn   | Place    | Note
-------+----------+-------------------------------------------
     0 | D:1      | CougarLife the Demonspawn Fighter began the quest for the
                  | Orb.
     0 | D:1      | Reached XP level 1. HP: 18/18 MP: 1/1
   101 | D:1      | Gained mutation: You are partially covered in sharp spines.
                  | [demonic ancestry]
   101 | D:1      | Reached XP level 2. HP: 18/24 MP: 2/2
   315 | D:1      | Found a faded altar of an unknown god.
   722 | D:1      | Found Ywkosuyss's General Store.
   730 | D:1      | Gained mutation: Your touch may inflict minor irresistible
                  | damage on your foes. [demonic ancestry]
   730 | D:1      | Reached XP level 3. HP: 22/29 MP: 3/3
  1362 | D:2      | Reached XP level 4. HP: 33/35 MP: 4/4
  2107 | D:3      | Found a runed translucent door.
  2113 | D:3      | Noticed xian's ghost (weakling DsAE)
  2140 | D:3      | Gained mutation: You are mostly covered in sharp spines.
                  | [demonic ancestry]
  2140 | D:3      | Reached XP level 5. HP: 42/42 MP: 5/5
  2145 | D:3      | Killed xian's ghost
  2473 | D:3      | Found a glowing drain.
  2477 | Sewer    | Entered a sewer
  2523 | Sewer    | Gained mutation: Your touch may inflict irresistible damage
                  | on your foes. [demonic ancestry]
  2523 | Sewer    | Reached XP level 6. HP: 37/48 MP: 6/6
  3900 | D:4      | Found a staircase to the Ecumenical Temple.
  3921 | Temple   | Entered the Ecumenical Temple
  4043 | Temple   | Became a worshipper of Warmaster Okawaru
  4148 | D:4      | Found Aptuapal's Self-Improvement Boutique.
  4651 | D:5      | Entered Level 5 of the Dungeon
  4813 | D:5      | Reached XP level 7. HP: 44/55 MP: 7/7
  4820 | D:5      | Reached * piety under Okawaru
  4821 | D:5      | Reached skill level 5 in Axes
  5018 | D:5      | HP: 1/55 [gnoll sergeant/+0 spear (2)]
  5021 | D:5      | Reached skill level 5 in Fighting
  5023 | D:5      | Slain by a scorpion

Illustrated notes

Levels and vault maps discovered:
D:1:      scummos_arrival_hexagon, layout_loops_cross,
          dreamdust_ecumenical_altar_angels_and_demons, serial_shops,
          nicolae_shop_statue_plus
D:2:      layout_loops_ring, amcnicky_mini_corridor_feature
D:3:      layout_basic, gup_sewer_entry_spiral, ebering_ghost_sewer_d
D:4:      layout_gridville, minmay_temple_entry_mini_moons,
          nicolae_shop_self_help
D:5:      layout_basic, gammafunk_ghost_grave, minmay_manual_monstrance
Temple:   grunt_wide_crystal_templ

Skill      XL: |  1  2  3  4  5  6  7 |
---------------+----------------------+-----
Axes           | 2 3 4 5 |  5.4
Armour         | 3 4 |  4.6
Shields        | 3 4 |  4.4
Fighting       | 4 5 |  5.0

Action                   |  1- 3 |  4- 6 |  7- 9 || total
-------------------------+-------+-------+-------++-------
Melee: War axe           |    70 |   172 |    19 ||   261
  Use: Potion            |       |       |     1 ||     1
Armor: Scale mail        |    36 |    63 |    20 ||   119
Dodge: Dodged            |    27 |    70 |    17 ||   114
Block: Buckler           |    18 |    55 |     6 ||    79
